AoeStats
← PILLORA

Black Forest

510033234Analyzed
2v2 RM · 2d ago on Sep 29, 2026· 64m 42s· 4 players
Game mode
Random Map
Map size
Medium (4 player)
Population
200
Speed
Normal
Resources
Standard
Victory
Conquest
Starting age
Dark Age
Ending age
Imperial Age
RankedLock teamsTeams togetherTeam positionsShared explorationLock speedFull tech treeHidden civsTurbo modeCheats
Victory
Defeat
🇵🇪 Persians · Peru
786
+16
768
+17
🇲🇽 Teutons · Mexico
820
-18
🇲🇽 Britons · Mexico
748
-15
☯︎ PΔTΔS DΞ STΞΞL ☯
0:40 Loom
14:46 Feudal Age
15:17 Double-Bit Axe
15:13 Horse Collar
15:24 Gold Mining
15:24 Stone Mining
21:25 Castle Age
22:34 Bow Saw
24:35 Caravan
26:39 Forging
26:29 Scale Mail Armor
28:03 Gold Shaft Mining
29:58 Wheelbarrow
29:29 Heavy Plow
29:22 Treadmill Crane
34:20 Imperial Age
32:41 Hand Cart
34:56 Squires
34:43 Gambesons
34:45 Arson
34:23 Elite Varangian Guard
34:27 Capped Ram
37:52 Conscription
38:44 Iron Casting
38:26 Chain Mail Armor
42:45 Plate Mail Armor
42:22 Scale Barding Armor
44:35 Chain Barding Armor
44:07 Fletching
44:17 Padded Archer Armor
43:42 Shield Wall
44:12 Elite Hearth Troop
49:30 Ballistics
50:10 Chemistry
49:16 Siege Engineers
49:06 Murder Holes
57:44 Siege Ram
StarKiller
0:53 Loom
14:57 Feudal Age
15:46 Horse Collar
15:55 Double-Bit Axe
16:49 Wheelbarrow
18:44 Fishing Lines
21:47 Castle Age
19:40 Stone Mining
19:45 Gold Mining
20:12 Fletching
22:21 Bodkin Arrow
22:27 Padded Archer Armor
23:47 Town Watch
30:11 Imperial Age
28:26 Bow Saw
28:53 Scale Barding Armor
29:33 Forging
29:27 Gillnets
31:03 Chain Barding Armor
31:20 Iron Casting
31:18 Hand Cart
31:23 Bloodlines
30:57 Light Cavalry
33:38 Leather Archer Armor
33:46 Ballistics
32:55 Hussar
35:48 Chemistry
36:15 Conscription
35:27 Crossbowman
36:13 Thumb Ring
38:40 Plate Barding Armor
39:06 Blast Furnace
38:12 Heavy Plow
45:09 Kamandaran
45:43 Ring Archer Armor
46:52 Two-Man Saw
47:13 Citadels
47:08 Scale Mail Armor
47:30 Caravan
47:43 Town Patrol
48:39 Husbandry
48:43 Pikeman
49:23 Squires
49:09 Arson
49:10 Gambesons
49:23 Heavy Camel Rider
52:09 Halberdier
54:46 Elite War Elephant
57:46 Crop Rotation
58:26 Chain Mail Armor
64:00 Cavalier
64:44 Devotion
65:18 Plate Mail Armor
PILLORA
3:00 Loom
11:54 Feudal Age
15:06 Town Watch
17:40 Castle Age
17:29 Horse Collar
17:36 Double-Bit Axe
24:04 Wheelbarrow
24:44 Crossbowman
24:58 Light Cavalry
33:50 Imperial Age
34:24 Hand Cart
34:10 Town Patrol
36:58 Padded Archer Armor
36:49 Fletching
37:06 Scale Barding Armor
37:19 Pikeman
37:59 Squires
37:55 Arson
40:34 Halberdier
42:03 Heavy Plow
Sorrowft
1:12 Loom
11:54 Feudal Age
17:13 Castle Age
15:21 Double-Bit Axe
15:46 Horse Collar
18:26 Bow Saw
18:18 Heavy Plow
20:46 Town Watch
21:36 Wheelbarrow
23:43 Wheelbarrow
24:23 Town Patrol
24:48 Gold Mining
24:49 Stone Mining
29:18 Imperial Age
27:06 Hand Cart
28:00 Stone Shaft Mining
28:03 Forging
27:53 Scale Mail Armor
28:43 Scale Barding Armor
30:18 Ballistics
31:22 Chemistry
32:31 Iron Casting
32:12 Chain Mail Armor
32:21 Conscription
33:11 Two-Man Saw
31:54 Onager
33:56 Siege Onager
35:08 Bloodlines
35:22 Chain Barding Armor
36:00 Pikeman
36:42 Squires
36:11 Cavalier
37:06 Guilds
36:58 Caravan
39:39 Blast Furnace
39:15 Plate Barding Armor
39:11 Plate Mail Armor
38:20 Paladin
39:50 Ironclad
39:53 Crenellations
41:22 Halberdier
48:47 Elite Teutonic Knight
Connection lost

Rejoining the realm…

Still unreachable

The connection could not be restored.

Session expired

The server has moved on; the page needs a fresh start.